 Dungeon Crawl Stone Soup version 0.22.1-2-g9c5b331 (webtiles) character file.

49807 Fang the Severer (level 14, 0/92 HPs)
             Began as a Gargoyle Berserker on Dec 14, 2018.
             Was an Elder of Trog.
             Slain by a tyrant leech (14 damage)
             ... on level 6 of the Lair of Beasts.
             The game lasted 00:43:22 (22078 turns).

Fang the Severer (Gargoyle Berserker)              Turns: 22078, Time: 00:43:22

Health: 0/92       AC: 42    Str: 29    XL:     14   Next: 52%
Magic:  4/4        EV: 25    Int: 10    God:    Trog [****..]
Gold:   1240       SH:  0    Dex:  9    Spells: 13/13 levels left

rFire    . . .     SeeInvis .   M - +4 battleaxe (antimagic)
rCold    . . .     Gourm    .   (shield currently unavailable)
rNeg     + . .     Faith    .   Q - +2 crystal plate armour
rPois    ∞         Spirit   .   C - +2 helmet
rElec    +         Reflect  .   H - scarf {cloud immunity}
rCorr    .         Harm     .   R - +1 pair of gloves {Str+3}
MR       ++...     Clarity  +   (no boots)
Stlth    ..........             y - amulet of the acrobat
HPRegen  0.25/turn              r - +3 ring of evasion
MPRegen  0.09/turn              l - +2 ring of protection

@: about to teleport, berserk cooldown, flying, slowed, very slow
A: big wings, claws 1, clarity, clever 1, magic resistance 1, negative energy
resistance 1, electricity resistance, unbreathing, petrification resistance, rot
immunity, AC +10
a: Stop Flying, Berserk, Trog's Hand, Brothers in Arms, Renounce Religion


You were on level 6 of the Lair of Beasts.
You worshipped Trog.
Trog was greatly pleased with you.
You were very hungry.

You visited 4 branches of the dungeon, and saw 21 of its levels.
You also visited: Labyrinth and Bailey.

You collected 1240 gold pieces.

Inventory:

Hand Weapons
 j - a +2 battleaxe of freezing
 w - a +1 war axe of chopping
 J - a +1 battleaxe of electrocution
 M - a +4 antimagic battleaxe (weapon)
Armour
 C - a +2 helmet (worn)
 F - a +2 pair of gloves
 G - a +2 plate armour
 H - a scarf of cloud immunity (worn)
 Q - a +2 crystal plate armour (worn)
 R - a +1 pair of gloves of strength (worn)
Jewellery
 f - an uncursed ring of fire
 l - a +2 ring of protection (right hand)
 r - a +3 ring of evasion (left hand)
 t - an uncursed ring of protection from fire
 y - an amulet of the acrobat (around neck)
 N - an uncursed ring of protection from magic
Wands
 n - a wand of digging (15)
 o - a wand of random effects (24)
 p - a wand of polymorph (11)
 q - a wand of clouds (3)
 v - a wand of disintegration (29)
 D - a wand of enslavement (11)
 K - a wand of iceblast (22)
Scrolls
 d - 5 scrolls of fog
 e - 6 scrolls of magic mapping
 k - 2 scrolls of remove curse
 u - a scroll of teleportation
 x - 2 scrolls of blinking
 z - a scroll of brand weapon
 B - 2 scrolls of fear
 P - a scroll of identify
Potions
 a - a potion of heal wounds
 b - 2 potions of berserk rage
 g - 7 potions of curing
 h - 2 potions of cancellation
 i - 7 potions of agility
 m - 2 potions of invisibility
 s - a potion of might
 A - a potion of lignification
 E - 5 potions of ambrosia
 I - 2 potions of magic
 L - a potion of brilliance
Miscellaneous
 T - a sack of spiders
Comestibles
 c - 44 rations
 O - 6 chunks of flesh


   Skills:
 + Level 12.7 Fighting
 + Level 16.6 Axes
 + Level 12.1 Armour
 + Level 3.8 Dodging
 + Level 2.0 Stealth


You had 13 spell levels left.
You didn't know any spells.
Your spell library was empty.

Dungeon Overview and Level Annotations

Branches:
Dungeon (13/15)            Temple (1/1) D:5            Lair (6/6) D:11
 Shoals (0/4) Lair:4       Spider (0/4) Lair:3        Slime (1/5) Lair:5
    Orc: D:9-12      Vaults: D:13-14

Altars:
Ashenzari
Cheibriados
Dithmenos
Elyvilon
Fedhas
Gozag
Hepliaklqana
Kikubaaqudgha
Makhleb
Nemelex Xobeh
Okawaru
Qazlal
Ru
Sif Muna
Trog
Uskayaw
Vehumet
Wu Jian
Xom
Yredelemnul
Zin
The Shining One
Beogh
Jiyva

Shops:
D:5 ([!:=   D:7 *   D:9 [

Annotations:
Lair:4 exclusion: oklob plant
Lair:6 1 runed door


Innate Abilities, Weirdness & Mutations

You are resistant to torment.
Your stone body is resilient. (AC +10)
You are immune to poison.
Your large and strong wings let you fly indefinitely.
You resist negative energy. (rN+)
You are resistant to electric shocks. (rElec)
You can survive without breathing.
You are immune to petrification.
You are immune to rotting.
You have sharp fingernails.
You possess an exceptional clarity of mind.
Your mind is acute. (Int +2)
You are resistant to hostile enchantments. (MR+)


Message History

The tyrant leech bites you but does no damage.
The tyrant leech barely misses you.
Unknown command.
You feel a strong urge to attack something.
You are no longer berserk.
You are exhausted.
You feel yourself slow down.
You feel better.
The tyrant leech bites you but does no damage.
The tyrant leech bites you!
* * * LOW HITPOINT WARNING * * *
You feel better.
The tyrant leech bites you but does no damage.
The tyrant leech barely misses you.
As you read the scroll of teleportation, it crumbles to dust.
You feel strangely unstable.
The tyrant leech bites you but does no damage. x2
Unknown command.
The tyrant leech misses you. The tyrant leech bites you!
You die...

# ######## ..####
####.P.##.# .....##
##........###
P....###....###....#
#..#.....## ##.†.###
###.....##.#
#.##...#
###...@.######
###.8P## #.#..††ww##
###...#+ #....†..##
#....## #...#....##
##..## .. #.#...#
###..## ##.#...#
#....### ####..P.
##..##.##


..PPP ##P....## ...?## ##...#.## You could see 2 tyrant leeches.

Vanquished Creatures
  An acid blob (Lair:5)
  Gastronok (Lair:3)
  Nessos (Lair:6)
  A minotaur (Lab)
  Josephine (Lair:6)
  A centaur warrior (D:13)
  Urug (Lair:3)
  2 orc knights (Bailey)
  An orb spider (Lair:3)
  3 ugly things (D:11)
  An oklob plant (Lair:1)
  4 black mambas
  7 elephants (Lair:6)
  4 torpor snails
  6 spiny frogs
  2 centaur skeletons
  4 komodo dragons
  2 kobold demonologists (Bailey)
  4 rime drakes
  2 trolls
  Grinder (D:3)
  A tyrant leech (Lair:6)
  8 hornets
  3 slime creatures
  4 blink frogs (Lair:4)
  The ghost of gregunderscorem the Shield-Bearer, an amateur OpFi (D:4)
  7 hippogriffs
  Sigmund (D:3)
  41 yaks
  2 spriggans (Lair:6)
  5 wraiths (Lair:6)
  4 wyverns
  A shadow (D:11)
  3 hogs (D:10)
  2 basilisks
  A human (D:10)
  9 porcupines
  12 water moccasins
  12 orc warriors
  5 black bears
  4 ice beasts
  6 phantoms
  2 sky beasts
  3 centaurs
  15 wolves
  11 ogres
  13 crocodiles
  2 big kobolds (D:10)
  15 bullfrogs
  A gnoll sergeant (D:9)
  A wyvern zombie (D:9)
  4 scorpions
  2 wyvern skeletons
  9 killer bees (D:10)
  9 wights
  6 electric eels
  6 howler monkeys
  5 crimson imps
  2 centaur zombies
  4 lava snakes (Lab)
  2 bullfrog zombies
  7 hounds
  7 jellies
  3 bullfrog skeletons
  5 orc priests
  6 orc wizards
  Terence (D:2)
  5 iguanas
  10 worker ants
  Natasha (thrice) (D:3)
  A hound zombie (D:8)
  A howler monkey zombie (D:5)
  A worker ant zombie (D:10)
  Robin (D:3)
  13 gnolls
  15 adders
  17 oozes
  An adder zombie (D:6)
  3 adder skeletons
  3 worms
  7 dart slugs
  7 leopard geckos
  69 orcs
  A ball python (D:3)
  10 giant cockroaches
  21 goblins
  16 hobgoblins
  5 quokkas
  5 bats
  8 frilled lizards
  23 kobolds
  A leopard gecko zombie (D:4)
  6 rats
  7 fungi
  5 plants
588 creatures vanquished.

Vanquished Creatures (collateral kills)
  4 hydras
  A two-headed ogre (D:11)
  An ugly thing (D:11)
  An elephant (Lair:6)
  2 slime creatures
  2 hippogriffs (Lair:6)
  A spriggan (Lair:6)
  An acid dragon (D:11)
  A water moccasin (Lair:6)
  2 orc warriors
  A black bear (Lair:6)
  2 crocodiles
  An orc priest (D:8)
  6 orcs (D:8)
26 creatures vanquished.

Vanquished Creatures (others)
  25 fungi
  14 plants
39 creatures vanquished.

Grand Total: 653 creatures vanquished

Notes
Turn   | Place    | Note
-------+----------+-------------------------------------------
     0 | D:1      | Fang the Gargoyle Berserker began the quest for the Orb.
     0 | D:1      | Reached XP level 1. HP: 14/14 MP: 1/1
    30 | D:1      | Reached XP level 2. HP: 12/19 MP: 2/2
    31 | D:1      | Reached skill level 3 in Axes
   312 | D:1      | Reached XP level 3. HP: 10/24 MP: 3/3
   695 | D:1      | Reached ** piety under Trog
   827 | D:2      | Found a shimmering altar of Xom.
   972 | D:2      | Reached XP level 4. HP: 29/29 MP: 4/4
  1261 | D:2      | Noticed Terence
  1274 | D:2      | Killed Terence
  1274 | D:2      | Reached skill level 4 in Axes
  1274 | D:2      | Reached XP level 5. HP: 33/33 MP: 5/5
  1684 | D:3      | Noticed Sigmund
  1701 | D:3      | Killed Sigmund
  1701 | D:3      | Reached skill level 5 in Axes
  1701 | D:3      | Reached XP level 6. HP: 28/39 MP: 6/6
  1803 | D:3      | Noticed a phantom
  1860 | D:3      | Killed a phantom
  2041 | D:3      | Noticed Grinder
  2046 | D:3      | Paralysed by Grinder for 5 turns
  2063 | D:3      | Paralysed by Grinder for 2 turns
  2072 | D:3      | Paralysed by Grinder for 2 turns
  2083 | D:3      | Paralysed by Grinder for 6 turns
  2091 | D:3      | Killed Grinder
  2091 | D:3      | Reached XP level 7. HP: 18/44 MP: 7/7
  2556 | D:3      | Reached skill level 6 in Axes
  2831 | D:3      | Noticed Robin
  2845 | D:3      | Killed Robin
  2860 | D:3      | Reached *** piety under Trog
  2998 | D:3      | Noticed Natasha
  3009 | D:3      | Killed Natasha
  3179 | D:3      | Reached skill level 5 in Fighting
  3843 | D:3      | Noticed Natasha
  3863 | D:3      | Killed Natasha
  4145 | D:3      | Noticed Natasha
  4155 | D:3      | Killed Natasha
  4186 | D:4      | Reached XP level 8. HP: 47/49 MP: 8/8
  4376 | D:4      | Reached skill level 5 in Armour
  4390 | D:4      | Reached skill level 1 in Stealth
  4653 | D:4      | Found a stormy altar of Qazlal.
  4681 | D:4      | Found Lebarufa's General Store.
  4734 | D:4      | Reached skill level 7 in Axes
  5256 | D:4      | Found a runed gate.
  5256 | D:4      | Found a runed gate.
  5256 | D:4      | Found a runed gate.
  5257 | D:4      | Noticed gregunderscorem's ghost (amateur OpFi)
  5429 | D:4      | Killed gregunderscorem's ghost
  5638 | D:5      | Entered Level 5 of the Dungeon
  5688 | D:5      | Found Xehufij's Weapon Emporium.
  5694 | D:5      | Found a staircase to the Ecumenical Temple.
  5710 | Temple   | Entered the Ecumenical Temple
  5910 | D:5      | Found Idoeri's Book Emporium.
  6076 | D:5      | Found Tatt's Distillery.
  6083 | D:5      | Received a gift from Trog
  6097 | D:5      | Found Fofioj's Jewellery Boutique.
  6213 | D:5      | Found Nar Mys's Armour Boutique.
  6268 | D:6      | Reached XP level 9. HP: 55/55 MP: 9/9
  6352 | D:6      | Reached **** piety under Trog
  6365 | D:6      | Reached skill level 8 in Axes
  6537 | D:6      | Found a shimmering altar of Xom.
  6537 | D:6      | Found a bloodstained altar of Trog.
  7629 | D:7      | Found Laes's Assorted Antiques.
  7914 | D:7      | Reached skill level 9 in Axes
  8239 | D:7      | Reached XP level 10. HP: 57/61 MP: 10/10
  8428 | D:8      | Reached ***** piety under Trog
  8499 | D:8      | Found a flagged portal.
  8733 | Bailey   | Entered a bailey
  8826 | Bailey   | Found an iron altar of Okawaru.
  8826 | Bailey   | Noticed a kobold demonologist
  8826 | Bailey   | Noticed a kobold demonologist
  8832 | Bailey   | Noticed a rust devil
  8834 | Bailey   | Noticed a smoke demon
  8838 | Bailey   | Noticed an orange demon
  8844 | Bailey   | Killed a kobold demonologist
  8844 | Bailey   | Reached skill level 10 in Axes
  8852 | Bailey   | Killed a kobold demonologist
  8854 | Bailey   | Received a gift from Trog
  9140 | Bailey   | Noticed an orc knight
  9155 | Bailey   | Killed an orc knight
  9444 | Bailey   | Noticed an orc knight
  9452 | Bailey   | Killed an orc knight
  9452 | Bailey   | Reached skill level 11 in Axes
  9962 | D:8      | Found a snail-covered altar of Cheibriados.
  9987 | D:8      | HP: 4/96 [large slime creature (12)]
  9988 | D:8      | Reached XP level 11. HP: 4/68 MP: 11/11
 10542 | D:8      | Found a roughly hewn altar of Beogh.
 11171 | D:9      | Found Feney's Armour Shoppe.
 11529 | D:9      | Reached skill level 12 in Axes
 11737 | D:10     | Entered Level 10 of the Dungeon
 11856 | D:10     | Received a gift from Trog
 11973 | D:10     | You fall through a shaft for 3 floors!
 12027 | D:13     | Noticed a centaur warrior
 12038 | D:13     | Killed a centaur warrior
 12303 | D:11     | Noticed a white ugly thing
 12309 | D:11     | Noticed a red ugly thing
 12319 | D:11     | Killed a red ugly thing
 12323 | D:11     | Killed a red ugly thing
 12412 | D:11     | Reached XP level 12. HP: 50/77 MP: 4/12
 12560 | D:11     | Reached skill level 10 in Fighting
 12560 | D:11     | Reached skill level 13 in Axes
 12568 | D:11     | Noticed a two-headed ogre
 12578 | D:11     | Killed a two-headed ogre
 12776 | D:11     | Found an ornate altar of the Wu Jian Council.
 13662 | D:11     | Found a staircase to the Lair.
 13725 | D:11     | Found a radiant altar of Vehumet.
 13846 | D:11     | Reached skill level 10 in Armour
 14211 | Lair:1   | Entered Level 1 of the Lair of Beasts
 14652 | Lair:1   | Gained mutation: You are robust. (+10% HP) [potion of
                  | mutation]
 14652 | Lair:1   | Gained mutation: You possess an exceptional clarity of
                  | mind. [potion of mutation]
 14671 | Lair:1   | Lost mutation: You are robust. (+10% HP) [potion of
                  | mutation]
 14671 | Lair:1   | Lost mutation: You possess an exceptional clarity of mind.
                  | [potion of mutation]
 14671 | Lair:1   | Gained mutation: Your body sometimes deteriorates upon
                  | taking damage. [potion of mutation]
 14671 | Lair:1   | Gained mutation: You are partially covered in rugged brown
                  | scales. (AC +1, +3% HP) [potion of mutation]
 14671 | Lair:1   | Gained mutation: Your mind is acute. (Int +2) [potion of
                  | mutation]
 14833 | Lair:1   | Reached skill level 14 in Axes
 15477 | Lair:1   | Lost mutation: Your body sometimes deteriorates upon taking
                  | damage. [potion of mutation]
 15477 | Lair:1   | Lost mutation: You are partially covered in rugged brown
                  | scales. (AC +1, +3% HP) [potion of mutation]
 15477 | Lair:1   | Gained mutation: You possess an exceptional clarity of
                  | mind. [potion of mutation]
 15477 | Lair:1   | Gained mutation: You are resistant to hostile enchantments.
                  | (MR+) [potion of mutation]
 15803 | Lair:2   | Reached XP level 13. HP: 80/84 MP: 4/13
 16740 | Lair:3   | Found a hole to the Spider Nest.
 16885 | Lair:3   | Noticed Urug
 16895 | Lair:3   | Killed Urug
 16901 | Lair:3   | Reached skill level 15 in Axes
 17043 | Lair:3   | Noticed Gastronok
 17054 | Lair:3   | Killed Gastronok
 17429 | Lair:4   | Found a staircase to the Shoals.
 17940 | Lair:4   | You fall through a shaft!
 18007 | Lair:5   | Found a runed door.
 18007 | Lair:5   | Found a viscous altar of Jiyva.
 18007 | Lair:5   | Found a staircase to the Slime Pits.
 18007 | Lair:5   | Noticed an acid blob
 18793 | Lair:5   | Killed an acid blob
 19129 | Slime:1  | Entered Level 1 of the Pits of Slime
 19190 | Lair:6   | Entered Level 6 of the Lair of Beasts
 19196 | Lair:6   | Found a labyrinth entrance.
 19219 | Lair:6   | Noticed Josephine
 19231 | Lair:6   | Killed Josephine
 19231 | Lair:6   | Gained mutation: Your large and strong wings let you fly
                  | indefinitely. [Gargoyle growth]
 19231 | Lair:6   | Reached XP level 14. HP: 84/92 MP: 4/14
 19240 | Lab      | Entered a labyrinth
 19963 | Lab      | Paralysed by fainting for 5 turns
 19977 | Lab      | Paralysed by fainting for 12 turns
 20545 | Lab      | Identified the Tome of Displaced Air
 20680 | Lab      | Gained mutation: You have sharp fingernails. [mutagenic
                  | glow]
 20950 | Lair:6   | Noticed Nessos
 20955 | Lair:6   | Reached skill level 16 in Axes
 20976 | Lair:6   | Killed Nessos
 22008 | Lair:6   | Found a runed door.
 22078 | Lair:6   | Slain by a tyrant leech

Skill      XL: |  1  2  3  4  5  6  7  8  9 10 11 12 13 14 |
---------------+-------------------------------------------+-----
Axes           | 3 4 5 6 7 9 11 12 14 15 16 | 16.6
Fighting       | 4 5 6 8 9 11 12 | 12.7
Dodging        | 2 3 |  3.8
Armour         | 3 4 6 7 8 9 10 11 12 | 12.1
Stealth        | 1 2 |  2.0

Action                   |  1- 3 |  4- 6 |  7- 9 | 10-12 | 13-15 || total
-------------------------+-------+-------+-------+-------+-------++-------
Melee: Hand axe          |    86 |   163 |   178 |       |       ||   427
       War axe           |       |       |   421 |   454 |       ||   875
       Battleaxe         |       |       |       |   377 |   430 ||   807
Invok: Berserk           |     1 |     1 |     2 |    14 |     4 ||    22
       Brothers in Arms  |       |       |       |     4 |     7 ||    11
 Abil: Fly               |       |       |       |       |     1 ||     1
  Use: Scroll            |       |       |       |    25 |     8 ||    33
       Potion            |       |       |       |     3 |     2 ||     5
  Eat: Chunk             |     1 |     4 |    19 |    33 |    16 ||    73
       Ration            |       |       |     1 |     2 |     3 ||     6
Armor: Animal skin       |    15 |       |       |       |       ||    15
       Chain mail        |    19 |    95 |   377 |   116 |       ||   607
       Plate armour      |       |       |       |   469 |   194 ||   663
       Crystal plate arm |       |       |       |       |   225 ||   225
Dodge: Dodged            |    54 |    62 |   246 |   435 |   384 ||  1181
